 Dungeon Sprint DCSS version 0.30-a0-802-gb92711bcdf (webtiles) character file.

Game seed: 6910893331140277375

26 BigDaddyOpFi the Trooper (level 3, -2/27 HPs)
             Began as an Octopode Fighter on Feb 24, 2023.
             Was a Believer of Qazlal.
             Killed by nerve-wracking pain
             ... invoked by an orc priest
              (8 damage)
             ... in the Dungeon (Sprint VII: "The Pits").
             The game lasted 00:00:26 (257 turns).

BigDaddyOpFi the Trooper (Octopode Fighter)          Turns: 257, Time: 00:00:26

Health: -2/27      AC:  1    Str: 17    XL:     3   Next: 8%
Magic:  4/5        EV: 13    Int: 10    God:    Qazlal [**....]
Gold:   0          SH:  7    Dex: 11    Spells: 2/2 levels left

rFire   . . .      SeeInvis .    a - +0 war axe
rCold   . . .      Faith    .    b - +0 buckler
rNeg    . . .      Spirit   .    (helmet restricted)
rPois   .          Reflect  .    (no amulet)
rElec   .          Harm     .    (no ring)
rCorr   .          Rampage  .    (no ring)
Will    .....      NoTele   +    (no ring)
Stlth   ++                       (no ring)
HPRegen 0.24/turn                (no ring)
MPRegen 0.09/turn                (no ring)
                                 (no ring)
                                 (no ring)

@: no status effects
A: almost no armour, amphibious, 8 rings, camouflage 1, gelatinous body 1,
(nimble swimmer 1), tentacles
a: Renounce Religion, Upheaval


You were in the Dungeon.
You worshipped Qazlal.
Qazlal was pleased with you.
You visited 1 branch

Inventory:

Hand Weapons
 a - a +0 war axe (weapon)
Armour
 b - a +0 buckler (worn)
Scrolls
 i - a scroll of blinking
Potions
 c - a potion of might
 d - a potion of curing
 f - a potion of haste
 g - 4 potions of magic
 h - 3 potions of berserk rage
 j - 2 potions of invisibility


   Skills:
 + Level 3.9 Fighting
 + Level 3.1 Axes
 + Level 3.9 Dodging
 + Level 3.9 Shields
 * Level 2.8 Invocations


You had 2 spell levels left.
You didn't know any spells.
Your spell library was empty.

Dungeon Overview and Level Annotations

Branches:
Dungeon (1/1)

Altars:
Ashenzari
Cheibriados
Dithmenos
Elyvilon
Fedhas
Gozag
Hepliaklqana
Kikubaaqudgha
Makhleb
Nemelex Xobeh
Okawaru
Qazlal
Ru
Sif Muna
Trog
Uskayaw
Vehumet
Wu Jian
Xom
Yredelemnul
Zin
The Shining One
Jiyva
Lugonu


Innate Abilities, Weirdness & Mutations

You cannot wear most types of armour.
You are amphibious.
You can wear up to eight rings at the same time.
Your skin changes colour to match your surroundings (Stealth+).
Your rubbery body absorbs attacks. (AC +1, EV +1)
((You are camouflaged when in or above water. (Stealth+)))
You have tentacles for arms and can constrict up to eight enemies at once.


Message History

You hit the orc priest but do no damage.
The orc priest barely misses you.
You closely miss the orc priest. Your grab misses the orc priest.
The orc priest is moderately wounded.
You hit the endoplasm. You block the endoplasm's attack.
You block the orc priest's attack.
The orc priest calls down the wrath of Beogh upon you.
Beogh smites you!
Ouch! That really hurt!
The endoplasm freezes you.
You are frozen.
* * * LOW HITPOINT WARNING * * *
The orc priest hits you with a +0 hand axe.
* * * LOW HITPOINT WARNING * * *
You closely miss the orc priest. You grab the orc priest.
You squeeze the orc priest, but do no damage.
The orc priest is moderately wounded.
You hit the endoplasm.
You kill the endoplasm!
Qazlal accepts your kill.
You constrict the orc priest. The orc priest misses you.
You feel much better.
You constrict the orc priest.
The orc priest hits you with a +0 hand axe.
The orc barely misses you.
You hit the orc priest. You squeeze the orc priest.
The orc priest is almost dead.
You hit the orc.
You constrict the orc priest, but do no damage.
You block the orc priest's attack. The orc hits you with a +0 short sword.
The orc priest hits you with a +0 hand axe!
The orc barely misses you. The orc priest hits you with a +0 club!
* * * LOW HITPOINT WARNING * * *
Okay, then.
You barely miss the orc priest. You squeeze the orc priest.
You kill the orc priest!
Qazlal accepts your kill.
You hit the orc priest. You closely miss the orc. You block the orc's attack.
The orc priest calls down the wrath of Beogh upon you.
Pain shoots through your body!
You die...

##########'##........
#.?(.')))'.##......#.
##########.##........
#...........'........
#+#####'#####......#.
#...#)# #........
#...#.# ####'####
#.○.'.# #.......#
##@#### #.......#
#o)o..# #.......#
#.....# #...<...#
#....... #.......#
#........##.......#
###########.......#
#########


You could see an orc priest and an orc.

Vanquished Creatures
  An orc priest (D)
  An adder (D)
  2 adder zombies (D)
  An adder skeleton (D)
  An orc (D)
  An endoplasm (D)
  A hobgoblin (D)
  A quokka (D)
9 creatures vanquished.

Notes
Turn   | Place    | Note
-------+----------+-------------------------------------------
     0 | D        | BigDaddyOpFi the Octopode Fighter began the quest for the
                  | Orb.
     0 | D        | Reached XP level 1. HP: 16/16 MP: 1/1
    20 | D        | Found a bloodstained altar of Trog.
    20 | D        | Found a shimmering blue altar of Sif Muna.
    20 | D        | Found a viscous altar of Jiyva.
    20 | D        | Found a hazy altar of Hepliaklqana.
    20 | D        | Found an opulent altar of Gozag.
    21 | D        | Found a glowing golden altar of the Shining One.
    21 | D        | Found a glowing silver altar of Zin.
    21 | D        | Found a basalt altar of Yredelemnul.
    21 | D        | Found a shimmering altar of Xom.
    21 | D        | Found an ornate altar of the Wu Jian Council.
    21 | D        | Found a sacrificial altar of Ru.
    21 | D        | Found a stormy altar of Qazlal.
    21 | D        | Found an iron altar of Okawaru.
    21 | D        | Found a sparkling altar of Nemelex Xobeh.
    21 | D        | Found a burning altar of Makhleb.
    21 | D        | Found a blossoming altar of Fedhas.
    21 | D        | Found a white marble altar of Elyvilon.
    21 | D        | Found a shadowy altar of Dithmenos.
    21 | D        | Found a snail-covered altar of Cheibriados.
    22 | D        | Found a radiant altar of Vehumet.
    22 | D        | Found a corrupted altar of Lugonu.
    23 | D        | Found an ancient bone altar of Kikubaaqudgha.
    23 | D        | Found a hide-covered altar of Uskayaw.
    23 | D        | Found a broken altar of Ashenzari.
    26 | D        | Became a worshipper of Qazlal Stormbringer
    59 | D        | Reached skill level 1 in Invocations
    59 | D        | Reached XP level 2. HP: 18/21 MP: 1/3
   185 | D        | Reached * piety under Qazlal
   251 | D        | Reached XP level 3. HP: 27/27 MP: 4/4
   252 | D        | Reached ** piety under Qazlal
   257 | D        | Killed from afar by an orc priest

Illustrated notes

Levels and vault maps discovered:
D:        pitsprint [storerooms_1, entrance_room_1, metal_vault_5, armoury_1,
          mini_pit_1, grid_room_1, main_hall_1, silver_pit, the_coven_3,
          the_vestibule_1, steel_vault_1, golden_pit, hallway_of_sentries,
          crystal_vault_6, iron_vault_2, final_vault]

Skill      XL: |  1  2 |
---------------+-------+-----
Invocations    | 1 2 |  2.8
Axes           | 3 |  3.1
Fighting       | |  3.9
Dodging        | |  3.9
Shields        | |  3.9

Action                     || total
---------------------------++-------
  Melee: War axe           ||    16
         Constrict         ||     5
         Tentacles         ||     7
    Use: Potion            ||     1
   Stab: Sleeping          ||     2
 Armour: Skin              ||     3
  Dodge: Dodged            ||     7
  Block: Buckler           ||     5

Table legend: (Time is in decaauts)
 A = Elapsed time spent in this place.
 B = Non-inter-level travel time spent in this place.
 C = Inter-level travel time spent in this place.
 D = Time resting spent in this place.
 E = Time spent auto-exploring this place.
 F = Levels seen in this place.
 G = Mean time per level.
                   A        B        C        D        E       F      G
               +--------+--------+--------+--------+--------+-----+--------+
         Total |    263 |    263 |      0 |    178 |      0 |   1 |  263.0 |
       Dungeon |    263 |    263 |      0 |    178 |      0 |   1 |  263.0 |
               +--------+--------+--------+--------+--------+-----+--------+

Top non-repeatable levels by time:
       D: 263 daAuts
